 Dungeon Crawl Stone Soup version 0.27.1-33-g824d729ab1 (webtiles) character file.

Game seed: 14752556992593866938

26 Powertoast the Sneak (level 3, -1/24 HPs)
             Began as an Octopode Brigand on Dec 7, 2021.
             Slain by an adder (5 damage)
             ... on level 1 of the Dungeon.
             The game lasted 00:02:59 (823 turns).

Powertoast the Sneak (Octopode Brigand)              Turns: 823, Time: 00:03:00

Health: -1/24      AC:  1    Str: 10    XL:     3   Next: 8%
Magic:  3/3        EV: 12    Int: 14    God:
Gold:   75         SH:  0    Dex: 13    Spells: 2/2 levels left

rFire    . . .     SeeInvis .   a - +2 dagger
rCold    . . .     Faith    .   (no shield)
rNeg     . . .     Spirit   .   (helmet restricted)
rPois    .         Reflect  .   (no amulet)
rElec    .         Harm     .   (no ring)
rCorr    .         Rampage  .   (no ring)
Will     .....                  (no ring)
Stlth    ++++......             (no ring)
HPRegen  0.08/turn              (no ring)
MPRegen  0.08/turn              (no ring)
                                (no ring)
                                (no ring)

@: no status effects
A: almost no armour, amphibious, 8 rings, camouflage 1, gelatinous body 1,
(nimble swimmer 1), tentacles
a: no special abilities


You were on level 1 of the Dungeon.
You visited 1 branch of the dungeon, and saw 2 of its levels.

You collected 75 gold pieces.

Inventory:

Hand Weapons
 a - a +2 dagger (weapon)
Missiles
 b - 5 poisoned darts (quivered)
 c - 2 curare-tipped darts
Scrolls
 d - 2 scrolls of magic mapping {unknown}
Potions
 e - a potion of mutation {unknown}
 f - a potion of ambrosia {unknown}


   Skills:
 - Level 2.0 Fighting
 - Level 2.0 Short Blades
 - Level 2.0 Throwing
 - Level 1.0 Dodging
 + Level 6.8 Stealth


You had 2 spell levels left.
You didn't know any spells.
Your spell library was empty.

Dungeon Overview and Level Annotations

Branches:
Dungeon (2/15)

Altars:


Innate Abilities, Weirdness & Mutations

You cannot wear most types of armour.
You are amphibious.
You can wear up to eight rings at the same time.
Your skin changes colour to match your surroundings (Stealth+).
Your rubbery body absorbs attacks. (AC +1, EV +1)
((You are camouflaged near water. (Stealth+)))
You have tentacles for arms and can constrict up to eight enemies at once.


Message History

The poisoned dart closely misses the kobold.
You hit the kobold. You grab the kobold.
The kobold is heavily wounded.
You constrict the kobold, but do no damage.
The endoplasm misses you. The kobold hits you with a +0 club.
You hit the kobold.
You kill the kobold!
The endoplasm freezes you.
You are frozen.
You hit the endoplasm.
The endoplasm is lightly wounded.
The giant cockroach bites you but does no damage.
The endoplasm freezes you.
You are frozen.
You hit the endoplasm.
The endoplasm is severely wounded.
The giant cockroach misses you. The endoplasm hits you.
You hit the endoplasm.
You kill the endoplasm!
The giant cockroach bites you. The adder bites you.
You are poisoned.
The adder poisons you!
You feel sick. The giant cockroach misses you. The adder barely misses you.
You climb upwards.
You feel sick.
There is a stone staircase leading down here.
You feel sick. The giant cockroach misses you. The adder barely misses you.
You hit the adder. Your grab misses the adder.
The adder is lightly wounded.
You feel sick. The adder bites you but does no damage.
The giant cockroach misses you.
You miss the adder. Your grab misses the adder.
The adder is lightly wounded.
You feel sick. The adder closely misses you.
The giant cockroach barely misses you.
You hit the adder. Your grab misses the adder.
The adder is heavily wounded.
You feel sick.
You are no longer poisoned.
The adder bites you.
You die...

######## #......#
################......#
................@B....#
########.........S....#
#.....................#
......................#
#.#####...............#
...........####.#######
..[##.#.##...##.#
...####.##.#.##.#
.....(..##......#


You could see an adder and a giant cockroach.

Vanquished Creatures
  3 dart slugs (D:1)
  3 ball pythons (D:1)
  A bat (D:1)
  An endoplasm (D:2)
  4 goblins (D:1)
  A quokka (D:1)
  A frilled lizard (D:1)
  2 kobolds
  2 rats (D:1)
18 creatures vanquished.

Notes
Turn   | Place    | Note
-------+----------+-------------------------------------------
     0 | D:1      | Powertoast the Octopode Brigand began the quest for the
                  | Orb.
     0 | D:1      | Reached XP level 1. HP: 14/14 MP: 1/1
   107 | D:1      | Reached XP level 2. HP: 19/19 MP: 2/2
   137 | D:1      | Reached skill level 6 in Stealth
   628 | D:1      | Found a faded altar of an unknown god.
   654 | D:1      | Reached XP level 3. HP: 21/24 MP: 3/3
   823 | D:1      | Slain by an adder

Illustrated notes

Levels and vault maps discovered:
D:1:      co_arrival_random_square_maze, layout_basic,
          shapermc_ecumenical_altar_mp_vishouse
D:2:      layout_rooms, basic_altar

Skill      XL: |  1  2 |
---------------+-------+-----
Stealth        | 6 |  6.8
Fighting       | |  2.0
Short Blades   | |  2.0
Throwing       | |  2.0
Dodging        | |  1.0

Action                   || total
-------------------------++-------
Melee: Dagger            ||    26
       Constrict         ||     3
       Tentacles         ||     2
Throw: Dart              ||     8
 Stab: Sleeping          ||     9
Armor: Skin              ||     3
Dodge: Dodged            ||    11
